 Dungeon Crawl Stone Soup version 0.14-a0-102-g2341383 (webtiles) character file.

194 Daniel the Practitioner (level 3, -2/29 HPs)
             Began as a Minotaur Healer on Oct 3, 2013.
             Was a Believer of Elyvilon.
             Slain by a gnoll
             ... wielding a +2,+0 flail
              (7 damage)
             ... on Level 2 of the Dungeon.
             The game lasted 00:03:24 (797 turns).

Daniel the Practitioner (Minotaur Healer)            Turns: 797, Time: 00:03:24

HP  -2/29        AC  4     Str 17      XL: 3   Next: 28%
MP   2/5         EV 12     Int  9      God: Elyvilon [**....]
Gold 155         SH  0     Dex  9      Spells:  0 memorised,  2 levels left

Res.Fire  : . . .   See Invis. : .   g - +0 whip
Res.Cold  : . . .   Warding    : .   a - +1 robe
Life Prot.: . . .   Conserve   : .   (no shield)
Res.Poison: .       Res.Corr.  : .   (helmet restricted)
Res.Elec. : .       Clarity    : .   q - +0 cloak
Sust.Abil.: . .     Spirit.Shd : .   (no gloves)
Res.Mut.  : .       Stasis     : .   (no boots)
Res.Rott. : .       Flight     : .   (no amulet)
Saprovore : . . .                    (no ring)
                                     (no ring)

@: not resistant to hostile enchantments, very unstealthy
A: retaliatory headbutt, horns 2
a: Lesser Healing, Lesser Self-Healing, Divine Protection, Purification,
Renounce Religion


You were on level 2 of the Dungeon.
You worshipped Elyvilon.
Elyvilon was pleased with you.
You were hungry.

You visited 1 branch of the dungeon, and saw 2 of its levels.

You collected 55 gold pieces.

Inventory:

Hand weapons
 g - a +0,+0 whip (weapon)
Missiles
 j - 5 needles of slowing
Armour
 a - a +1 robe (worn)
 q - a +0 cloak (worn)
Comestibles
 d - 3 bread rations
 f - a banana
Scrolls
 e - a scroll of identify {unknown}
 i - a scroll of recharging {unknown}
 n - a scroll of enchant armour {unknown}
 o - a scroll of curse jewellery {unknown}
 p - a scroll of curse weapon {unknown}
Potions
 b - 2 potions of curing
 c - a potion of heal wounds
 h - 2 potions of might {unknown}
 k - a potion of restore abilities {unknown}
 m - a potion of confusion {unknown}


   Skills:
 - Level 2.4 Fighting
 * Level 2.7 Maces & Flails
 - Level 2.1 Dodging
 + Level 4.1 Invocations


You had 2 spell levels left.
You didn't know any spells.

Dungeon Overview and Level Annotations

Branches:
Dungeon (2/27)

Altars:
Zin


Innate Abilities, Weirdness & Mutations

You reflexively headbutt those who attack you in melee.
You have a pair of horns on your head.


Message History

The gnoll hits you from afar with a spear.
* * * LOW HITPOINT WARNING * * *
There is a stone staircase leading down here.
You hit the gnoll. You headbutt the gnoll.
The gnoll is almost dead.
The gnoll barely misses you. You furiously retaliate!
You headbutt the gnoll!
You kill the gnoll!
The gnoll closely misses you. The gnoll hits you but does no damage.
You see here a flail.
There is a stone staircase leading down here.
Use which ability? (? or * to list)
Press: ? - help, Dir - move target cursor, f - gnoll Heal: a gnoll, wielding a flail The light of Elyvilon fails to reach the gnoll.
You feel somewhat more hungry.
You hit the gnoll.
The gnoll is lightly wounded.
The gnoll hits you with a flail!
You die...

######........#
...............#
#####.........# #
#.........# #
#.........#########
#.###.............%
#.# ###############
########.###........#
.........@g.g.......#
########.###.######>#
#...##.....##)#
#...######.##g######
#...................
#...######.##.######
#...# #.##.# #...#
#.##.# ##### #.##.#


You could see 2 gnolls.

Vanquished Creatures
  A gnoll (D:2)
  A worm (D:2)
  A giant gecko (D:1)
  A ball python (D:1)
  3 giant cockroaches
  3 goblins
  2 hobgoblins (D:1)
  2 bats (D:1)
  2 giant newts
  4 kobolds (D:1)
  4 rats
24 creatures vanquished.

Notes
Turn   | Place    | Note
--------------------------------------------------------------
     0 | D:1      | Daniel, the Minotaur Healer, began the quest for the Orb.
     0 | D:1      | Reached XP level 1. HP: 17/17 MP: 2/2
    91 | D:1      | Reached skill level 1 in Maces & Flails
   157 | D:1      | Reached XP level 2. HP: 24/24 MP: 3/3
   361 | D:1      | Reached skill level 4 in Invocations
   589 | D:2      | Reached XP level 3. HP: 6/29 MP: 5/5
   709 | D:2      | Found a glowing silver altar of Zin.
   749 | D:2      | HP: 1/29 [gnoll/spear (4)]
   797 | D:2      | Slain by a gnoll

Action                   || total
-------------------------++-------
Melee: Whip              ||    60
Invok: Lesser Healing    ||     6
       Lesser Self-Heali ||     1
  Use: Scroll            ||     1
